 Dungeon Crawl Stone Soup version 0.27-a0-328-g7f782ed93a (webtiles) character file.

Game seed: 13178145872294280418

3234 wakim the Stinger (level 9, 0/68 HPs)
             Began as a Merfolk Venom Mage on Feb 12, 2021.
             Was a Believer of Cheibriados.
             Slain by a wyvern zombie (11 damage)
             ... on level 8 of the Dungeon.
             The game lasted 00:35:38 (9086 turns).

wakim the Stinger (Merfolk Venom Mage)              Turns: 9086, Time: 00:35:39

Health: 0/68       AC:  7    Str: 13    XL:     9   Next: 98%
Magic:  9/16       EV: 16    Int: 21    God:    Cheibriados [**....]
Gold:   419        SH:  0    Dex: 18    Spells: 9/18 levels left

rFire    . . .     SeeInvis .   b - +1 spear (venom)
rCold    . . .     Faith    .   (no shield)
rNeg     . . .     Spirit   .   A - +0 acid dragon scales
rPois    .         Reflect  .   (no helmet)
rElec    .         Harm     .   D - +0 cloak
rCorr    +         Rampage  .   (no gloves)
Will     .....                  (no boots)
Stlth    +++.......             d - amulet of magic regeneration
HPRegen  0.21/turn              (no ring)
MPRegen  0.40/turn              (no ring)

@: very slow
A: change form in water, swift swim, stealthy swim
a: Renounce Religion, Bend Time


You were on level 8 of the Dungeon.
You worshipped Cheibriados.
Cheibriados was pleased with you.
You visited 2 branches of the dungeon, and saw 9 of its levels.
You also visited: Sewer.

You collected 419 gold pieces.

Inventory:

Hand Weapons
 a - a +0 trident
 b - a +1 spear of venom (weapon)
Missiles
 l - 2 throwing nets
 m - 150 stones
Armour
 e - a +1 robe
 A - +0 acid dragon scales (worn)
 D - a +0 cloak (worn)
Jewellery
 c - an amulet of faith
 d - an amulet of magic regeneration (around neck)
Wands
 q - a wand of paralysis (7)
 v - a wand of iceblast (13)
 w - a wand of charming (8)
 y - a wand of flame (18)
Scrolls
 f - a scroll of magic mapping
 h - a scroll of amnesia
 k - a scroll of immolation {unknown}
 o - a scroll of fog {unknown}
 p - 2 scrolls of teleportation
 r - 2 scrolls of identify
 s - a scroll of noise {unknown}
 u - a scroll of random uselessness {unknown}
 x - 2 scrolls of enchant armour
 B - a scroll of brand weapon {unknown}
 C - 2 scrolls of blinking {unknown}
Potions
 g - 6 potions of flight
 i - 2 potions of heal wounds
 j - 4 potions of curing
 n - a potion of might
 t - a potion of invisibility
 z - a potion of lignification


   Skills:
 - Level 5.0 Fighting
 + Level 7.5 Polearms
 - Level 6.4 Dodging
 + Level 5.0 Stealth
 + Level 5.3 Spellcasting
 + Level 4.7 Transmutations
 - Level 2.0 Fire Magic
 * Level 7.7 Poison Magic
 * Level 2.8 Invocations


You had 9 spell levels left.
You knew the following spells:

 Your Spells              Type           Power        Failure   Level
b - Poisonous Vapours     Pois/Air       42%          4%          2
c - Olgreb's Toxic Radia  Pois           37%          6%          4
d - Ignite Poison         Fire/Tmut/Pois 25%          6%          3

Your spell library contained the following spells:

 Spells                   Type           Power        Failure   Level
 Sting                    Tmut/Pois      100%         1%          1
 Mephitic Cloud           Conj/Pois/Air  16%          16%         3


Dungeon Overview and Level Annotations

Branches:
Dungeon (8/15)             Temple (1/1) D:6           Sewer (visited)
   Lair: D:8-11

Altars:
Ashenzari
Cheibriados
Dithmenos
Elyvilon
Fedhas
Gozag
Hepliaklqana
Nemelex Xobeh
Okawaru
Qazlal
Ru
Sif Muna
Trog
Uskayaw
Vehumet
Wu Jian
Xom
Yredelemnul
Zin
The Shining One

Shops:
D:4 *


Message History

* * * LOW HITPOINT WARNING * * *
The hound skeleton moves out of view.
Casting: Olgreb's Toxic Radiance (dangerous; 7% risk of failure)
Confirm with . or Enter, or press ? or * to list all spells.
You begin to radiate toxic energy.
Maurice is poisoned.
Maurice gestures wildly while chanting.
Maurice puts on a burst of speed!
A wyvern zombie comes into view.
You are too injured to fight recklessly!
Casting: Olgreb's Toxic Radiance (dangerous; 7% risk of failure)
Confirm with . or Enter, or press ? or * to list all spells.
Aiming: Poisonous Vapours (safe; 4% risk of failure)
Press: ? - help, Dir - move target, f - Maurice
Aim: Maurice, wielding a +0 dagger, wearing a +0 cloak and carrying a wand of mindburst (14) (lightly wounded, covering ground quickly, poisoned) Poisonous vapours surround Maurice!
Your toxic aura wanes.
Maurice is engulfed in poison gas.
Maurice looks even sicker.
Maurice shouts, "Mine, all mine!"
Maurice zaps a wand.
You struggle to resist.
Casting: Poisonous Vapours (safe; 4% risk of failure)
Confirm with . or Enter, or press ? or * to list all spells.
Aiming: Poisonous Vapours (safe; 4% risk of failure)
Press: ? - help, Dir - move target, f/p - Maurice
Aim: Maurice, wielding a +0 dagger, wearing a +0 cloak and carrying a wand of mindburst (13) (lightly wounded, covering ground quickly, very poisoned) Poisonous vapours surround Maurice!
Maurice is engulfed in poison gas.
Maurice looks even sicker.
Maurice zaps a wand.
Your mind is blasted!
* * * LOW HITPOINT WARNING * * *
Casting: Poisonous Vapours (safe; 4% risk of failure)
Confirm with . or Enter, or press ? or * to list all spells.
You ignite the poison in your surroundings!
Maurice seems to burn from within!!!
You kill Maurice!
Cheibriados appreciates the change of pace.
Your Stealth skill increases to level 5!
A necrophage comes into view.
You hit the wyvern zombie but do no damage.
The wyvern zombie misses you.
You hit the wyvern zombie but do no damage.
The wyvern zombie bites you!
You die...

###.###. # #######..##.Z
############# ........##..
#..........># # #.#####.#.n##
#######.###.# #.#.# #.##..### #.#
#.# #.#.#####.###...### ##### #.#
#.# #.........# ##....###...# #.#
#.# ###.####### ###.Z..##.#.###.#
#.# #........# #.##@..##.......#
#.. #.#......# #.##...####.#####
#.# ..######## #.##........# #.#
.†# #. #.########### #<#
.)#####.#####.#####.....#######.#
.†.....†...............†..##.....
..#####.#####'#####.....#..#.##.#
#.#####.#...(..# #.....##.#.##.#
........#......# #.....##...##.#


You could see a necrophage and a wyvern zombie.

Vanquished Creatures
  Maurice (D:8)
  Maggie (D:7)
  A water moccasin (D:7)
  A sky beast (D:7)
  2 ice beasts (D:6)
  3 orc warriors
  A phantom (D:7)
  A centaur (D:8)
  5 bullfrogs
  3 scorpions
  Crazy Yiuf (D:5)
  A bullfrog skeleton (D:4)
  2 orc priests
  3 jellies
  A quasit (D:3)
  3 hounds
  Jessica (D:2)
  Natasha (thrice) (D:2)
  2 iguanas
  9 orc wizards
  2 merfolk sirens (Sewer)
  5 worker ants
  A merfolk avatar (Sewer)
  2 hound skeletons
  A worker ant zombie (D:6)
  8 gnolls (D:3)
  15 adders
  2 river rats (Sewer)
  A white imp (D:6)
  An adder zombie (D:6)
  An ooze (D:2)
  6 worms
  5 dart slugs
  11 leopard geckos
  24 orcs
  7 bats
  9 giant cockroaches
  6 hobgoblins
  9 jackals
  6 kobolds
  A quokka (D:5)
  6 ball pythons
  9 frilled lizards
  3 goblins
  A leopard gecko skeleton (D:7)
  A leopard gecko zombie (D:7)
  36 rats
224 creatures vanquished.

Vanquished Creatures (others)
  3 plants (D:3)
3 creatures vanquished.

Grand Total: 227 creatures vanquished

Notes
Turn   | Place    | Note
-------+----------+-------------------------------------------
     0 | D:1      | wakim the Merfolk Venom Mage began the quest for the Orb.
     0 | D:1      | Reached XP level 1. HP: 13/13 MP: 3/3
   255 | D:1      | Reached XP level 2. HP: 20/20 MP: 5/5
   420 | D:1      | Reached skill level 1 in Fighting
   468 | D:1      | Learned a level 2 spell: Poisonous Vapours
   809 | D:1      | Reached XP level 3. HP: 26/26 MP: 6/6
   902 | D:2      | Noticed Jessica
  1068 | D:2      | Killed Jessica
  1069 | D:2      | Reached XP level 4. HP: 33/33 MP: 0/7
  1828 | D:2      | Noticed Natasha
  1843 | D:2      | Killed Natasha
  1844 | D:2      | Reached XP level 5. HP: 39/39 MP: 4/9
  1924 | D:2      | Noticed Natasha
  1930 | D:2      | Killed Natasha
  1931 | D:2      | Reached skill level 5 in Poison Magic
  2089 | D:2      | Noticed Natasha
  2092 | D:2      | Killed Natasha
  2217 | D:3      | Found a hide-covered altar of Uskayaw.
  2219 | D:3      | Found a shimmering altar of Xom.
  2250 | D:3      | Reached XP level 6. HP: 47/47 MP: 3/10
  2259 | D:3      | Learned a level 4 spell: Olgreb's Toxic Radiance
  2263 | D:3      | Learned a level 3 spell: Ignite Poison
  2340 | D:3      | Found a glowing drain.
  2357 | Sewer    | Entered a sewer
  3365 | D:3      | Found a hazy altar of Hepliaklqana.
  3498 | D:3      | Reached XP level 7. HP: 53/53 MP: 12/12
  3671 | D:3      | Reached skill level 1 in Polearms
  5041 | D:4      | Found Binux's Assorted Antiques.
  5061 | D:5      | Entered Level 5 of the Dungeon
  5772 | D:5      | Reached XP level 8. HP: 60/60 MP: 15/15
  6009 | D:5      | Found a runed translucent door.
  6010 | D:5      | Noticed Crazy Yiuf
  6018 | D:5      | Killed Crazy Yiuf
  6127 | D:6      | Reached skill level 5 in Spellcasting
  6339 | D:6      | Found a staircase to the Ecumenical Temple.
  6779 | D:6      | Reached skill level 1 in Fire Magic
  6895 | D:6      | Found a sparkling altar of Nemelex Xobeh.
  6954 | Temple   | Entered the Ecumenical Temple
  7080 | Temple   | Became a worshipper of Cheibriados the Contemplative
  7292 | D:6      | Reached skill level 5 in Dodging
  7786 | D:7      | Reached skill level 5 in Polearms
  7786 | D:7      | Reached XP level 9. HP: 46/65 MP: 3/16
  8051 | D:7      | Reached * piety under Cheibriados
  8405 | D:7      | Noticed Maggie
  8410 | D:7      | Killed Maggie
  8521 | D:7      | Reached skill level 5 in Fighting
  8707 | D:8      | Reached skill level 1 in Invocations
  8831 | D:8      | Reached ** piety under Cheibriados
  9076 | D:8      | Noticed Maurice
  9080 | D:8      | Killed Maurice
  9081 | D:8      | Reached skill level 5 in Stealth
  9086 | D:8      | Slain by a wyvern zombie

Illustrated notes

Levels and vault maps discovered:
D:1:      minmay_arrival_four_houses, layout_loops_ring
D:2:      layout_rooms, minmay_ruptured, uniq_jessica, uniq_natasha
D:3:      layout_basic, nzn_hepliaklqana_mist_gate,
          chequers_temple_overflow_statue_of_worship, gup_sewer_entry_bubbles,
          serial_bayou_lagoon_b
D:4:      layout_cave_pools, serial_shops, kennysheep_mini_moat
D:5:      layout_rooms, uniq_crazy_yiuf_cottage
D:6:      layout_loops_cross, nemelex_xobeh_ov_fountains_minmay,
          minmay_temple_entry_large_hall
D:7:      layout_basic, uniq_maggie
D:8:      layout_basic, makhleb_blood_cavern_becter, kennysheep_generic_room_5,
          uniq_maurice
Temple:   regret_index_temple_sphere_string

Skill      XL: |  1  2  3  4  5  6  7  8  9 |
---------------+----------------------------+-----
Fighting       | 1 2 3 4 5 |  5.0
Poison Magic   | 4 5 6 7 |  7.7
Spellcasting   | 3 4 5 |  5.3
Dodging        | 3 5 6 |  6.4
Polearms       | 2 5 7 |  7.5
Transmutations | 4 |  4.7
Fire Magic     | 1 2 |  2.0
Stealth        | 3 5 |  5.0
Invocations    | 2 |  2.8

Action                   |  1- 3 |  4- 6 |  7- 9 || total
-------------------------+-------+-------+-------++-------
Melee: Short sword       |    40 |    90 |       ||   130
       Spear             |       |    70 |   245 ||   315
       Tailslap          |       |     3 |       ||     3
 Cast: Poisonous Vapours |    10 |    36 |    28 ||    74
       Sting             |     1 |       |       ||     1
       Olgreb's Toxic Ra |       |     3 |    36 ||    39
       Ignite Poison     |       |     3 |    29 ||    32
  Use: Scroll            |       |     4 |     9 ||    13
       Potion            |       |       |     2 ||     2
 Stab: Sleeping          |     7 |    19 |     5 ||    31
Armor: Robe              |     3 |    24 |    24 ||    51
       Acid dragon scale |       |       |     8 ||     8
Dodge: Dodged            |    23 |   105 |   125 ||   253

Table legend: (Time is in decaauts)
 A = Elapsed time spent in this place.
 B = Non-inter-level travel time spent in this place.
 C = Inter-level travel time spent in this place.
 D = Time resting spent in this place.
 E = Time spent auto-exploring this place.
 F = Levels seen in this place.
 G = Mean time per level.
                   A        B        C        D        E       F      G
               +--------+--------+--------+--------+--------+-----+--------+
         Total |   9333 |   9131 |    202 |   3474 |   3707 |  10 |  933.3 |
       Dungeon |   8623 |   8443 |    180 |   3289 |   3424 |   8 | 1077.9 |
        Temple |    183 |    162 |     21 |      0 |    153 |   1 |  183.0 |
         Sewer |    525 |    525 |      0 |    185 |    130 |   1 |  525.0 |
               +--------+--------+--------+--------+--------+-----+--------+

Top non-repeatable levels by time:
     D:3: 1499 daAuts
     D:7: 1434 daAuts
     D:2: 1294 daAuts
     D:6: 1197 daAuts
     D:5: 1057 daAuts
     D:1: 898 daAuts
     D:4: 737 daAuts
   Sewer: 525 daAuts
     D:8: 505 daAuts
  Temple: 183 daAuts
